Mulligans vs Griffins

Created - January 5, 2018 at 19:09

Goals
1 2 3 OT1 SO T
Mulligans 0 3 2 0 2 6
Griffins 1 1 3 0 1 5
Shots
1 2 3 OT1 SO T
Mulligans 3 13 15 1 4 32
Griffins 8 9 14 1 4 32

1st period

1. Griffins , Mike Duco 9 (Lucas Lessio 3, Tye McGinn 19) at 3:42

Penalties :
Darren Dietz (Rep) for Hooking (Minor) at 12:41

2nd period

2. Mulligans , Nick Bonino 11 (Jonathan Tremblay 16) at 7:33
3. Griffins , Greg Mauldin 9 (Jan Mursak 8, Justin Braun 9) at 8:04
4. Mulligans , Maxime Macenauer 13 (Thomas Hickey 13) at 12:27
5. Mulligans , Nick Bonino 12 (Eric Tangradi 27) at 13:36 (PP)

Penalties :
Justin Braun (Cap) for Hooking (Minor) at 0:09, Justin Braun (Cap) for Tripping (Minor) at 13:15, J.T. Brown (Cap) for Slashing (Minor) at 19:56

3rd period

6. Griffins , Mike Duco 10 (Petter Granberg 6, Jamie Arniel 28) at 2:49
7. Griffins , Jan Mursak 11 (Nathan Oystrick 3, Greg Mauldin 6) at 15:41
8. Mulligans , Anton Lander 13 (Matt Beleskey 13) at 16:45 (PP)
9. Griffins , J.T. Brown 8 (Devin Shore 7, Justin Braun 10) at 17:34
10. Mulligans , Thomas Hickey 3 (Eric Tangradi 28, Nick Bonino 12) at 19:46

Penalties :
Mike Duco (Cap) for Roughing (Minor) at 11:13, Jan Mursak (Cap) for Hooking (Minor) at 16:37

Overtime #1

No Goal

Penalties :
No Penalty

Shootout

Penalty Shot by Eric Tangradi for Mulligans - Stopped by Jason Missiaen
Penalty Shot by Jan Mursak for Griffins - Stopped by Anders Lindback
Penalty Shot by Jonathan Tremblay for Mulligans - Goal!
Penalty Shot by Petr Pohl for Griffins - Goal!
Penalty Shot by Anton Lander for Mulligans - Stopped by Jason Missiaen
Penalty Shot by Jamie Arniel for Griffins - Shot Misses the Net
Penalty Shot by Maxime Macenauer for Mulligans - Goal!
Penalty Shot by Tye McGinn for Griffins - Stopped by Anders Lindback

Penalties :
No Penalty

Goalie Stats

Anders Lindback (Rep), 27 saves from 32 shots - (0.844), W, 13-12-1, 64:18 minutes
Jason Missiaen (Cap), 27 saves from 32 shots - (0.844), OTL, 14-5-4, 65:00 minutes

Players Stats for Mulligans

Player Name              G  A  P  +/- PIM S  H  SB GA TA FO     MP     PP MP  PK MP  
------------------------------------------------------------------------------------
Anton Lander             1  0  1  -2  0   4  1  0  0  1  8/17   20:54   3:18   1:06 
Ben Hutton               0  0  0  -1  0   1  1  0  0  0  0/0    14:07   0:00   0:00 
Cade Fairchild           0  0  0  -1  0   1  1  3  0  0  0/0    19:42   2:51   0:53 
Christoph Bertschy       0  0  0  -1  0   0  0  2  0  0  0/1     6:27   0:00   0:00 
Cody Goloubef            0  0  0   0  0   0  0  0  0  0  0/0     0:00   0:00   0:00 
Dalton Thrower           0  0  0   0  0   0  0  0  0  0  0/0     4:03   0:00   0:00 
Darren Dietz             0  0  0  -1  2   1  0  0  0  0  0/0    13:07   0:00   0:00 
Drayson Bowman           0  0  0   0  0   0  1  0  0  0  1/1    11:46   0:00   0:00 
Eric Tangradi            0  2  2   1  0   5  5  0  0  0  0/0    24:10   3:00   0:28 
Jonathan Tremblay        0  1  1   1  0   1  3  0  1  0  1/2    24:13   3:00   1:06 
Joonas Donskoi           0  0  0  -1  0   1  1  1  0  0  1/2    19:25   2:53   0:25 
Logan Shaw               0  0  0  -2  0   1  4  0  0  0  0/0    16:59   0:08   0:00 
Matt Beleskey            0  1  1  -2  0   1  0  1  0  0  1/1    17:43   3:18   0:00 
Matt Donovan             0  0  0  -1  0   2  2  0  0  0  0/0    26:48   3:35   1:06 
Matt Niskanen            0  0  0   0  0   2  1  3  0  2  0/0    29:05   3:35   1:06 
Maxime Macenauer         1  0  1   0  0   1  0  0  0  0  0/3    12:09   0:00   0:28 
Nick Bonino              2  1  3   1  0   8  1  0  1  0  14/29  24:01   3:05   0:00 
Sven Baertschi           0  0  0  -1  0   0  3  0  0  0  2/2    10:13   0:36   0:25 
Thomas Hickey            1  1  2   0  0   3  0  3  1  0  0/0    23:08   2:51   0:53 

Players Stats for Griffins

Player Name              G  A  P  +/- PIM S  H  SB GA TA FO     MP     PP MP  PK MP  
------------------------------------------------------------------------------------
Ben Hanowski             0  0  0   2  0   1  0  1  1  0  0/0    14:33   0:55   0:00 
Devin Shore              0  1  1   0  0   0  3  0  0  0  3/6    13:47   0:00   0:32 
Gord Baldwin             0  0  0  -1  0   2  1  0  0  0  0/0    21:22   0:36   3:52 
Greg Mauldin             1  1  2   2  0   3  2  0  0  0  8/12   14:33   0:55   0:00 
J.T. Brown               1  0  1   0  2   1  4  2  0  0  0/0    13:14   0:00   1:11 
Jamie Arniel             0  1  1  -2  0   1  0  0  0  0  18/35  24:26   1:04   3:28 
Jan Mursak               1  1  2   1  2   5  1  1  0  0  0/0    18:00   0:00   3:20 
Justin Braun             0  2  2   1  4   3  1  2  0  1  0/0    24:13   0:00   2:20 
Lucas Lessio             0  1  1   2  0   3  1  0  0  0  0/0    10:54   0:00   1:22 
Mike Duco                2  0  2   1  2   4  4  0  0  0  0/0    10:49   0:00   1:19 
Nathan Oystrick          0  1  1   1  0   0  1  1  0  1  0/0    20:38   0:00   2:32 
Oscar Klefbom            0  0  0   0  0   2  2  1  0  0  0/0    20:42   1:23   0:57 
Petr Pohl                0  0  0  -1  0   3  1  0  0  0  0/1    21:35   1:04   1:40 
Petter Granberg          0  1  1   2  0   1  1  0  0  1  0/0    17:11   0:36   0:02 
Pontus Aberg             0  0  0   0  0   0  1  1  1  0  0/1    13:49   0:55   0:00 
Simon Despres            0  0  0   1  0   2  4  1  0  0  0/0    26:16   1:23   3:09 
Tye McGinn               0  1  1  -1  0   1  3  1  1  0  1/1    19:22   1:04   0:00 
Vladislav Namestnikov    0  0  0   2  0   0  0  0  0  0  0/2     8:05   0:00   0:00 

3 Stars

1 - Nick Bonino (Rep)
2 - Mike Duco (Cap)
3 - Greg Mauldin (Cap)

Power Play

Mulligans - 2 on 5 Attempt(s) - 40.00%
Griffins - 0 on 1 Attempt(s) - 0.00%

Penalty Kill

Mulligans - 1 on 1 Attempt(s) - 100.00% - Score 0 goal in Penalty Kill
Griffins - 3 on 5 Attempt(s) - 60.00% - Score 0 goal in Penalty Kill

Team Stat

Mulligans - Hits : 24 - Faceoff Wins : 28 - Blocked Shots : 13 - Penalty Minutes : 2
Griffins - Hits : 30 - Faceoff Wins : 30 - Blocked Shots : 11 - Penalty Minutes : 10

Official

Referees : Walsh Ian and McCauley Wes
Linesman : Bryan Pancich and Mark Wheler

Game Notes

No Game Note

Finance

Level 1 -- Attendance: 1373 (68.65%) -- Ticket Income $48,055
Level 2 -- Attendance: 687 (68.70%) -- Ticket Income $13,740
Total Attendance: 2060 (68.67%)
Total Ticket Income: $61,795
Other Income: $3,090
Total Income: $64,885

Mulligans

5 vs 5 Forward 
   Center                   Left Wing                Right Wing               Time % Phy DF OF 
 1 Nick Bonino              Eric Tangradi            Jonathan Tremblay        40     0   2  3  
 2 Anton Lander             Matt Beleskey            Logan Shaw               30     0   2  3  
 3 Maxime Macenauer         Drayson Bowman           Joonas Donskoi           20     0   2  3  
 4 Christoph Bertschy       Sven Baertschi           Joonas Donskoi           10     0   2  3  

5 vs 5 Defense 
   Defense                  Defense                                           Time % Phy DF OF 
 1 Matt Niskanen            Matt Donovan                                      40     0   3  2  
 2 Cade Fairchild           Thomas Hickey                                     30     0   3  2  
 3 Ben Hutton               Darren Dietz                                      20     0   3  2  
 4 Dalton Thrower           Matt Niskanen                                     10     0   3  2  

PowerPlay Forward 
   Center                   Left Wing                Right Wing               Time % Phy DF OF 
 1 Nick Bonino              Eric Tangradi            Jonathan Tremblay        60     0   1  4  
 2 Anton Lander             Matt Beleskey            Joonas Donskoi           40     0   1  4  

PowerPlay Defense
   Defense                  Defense                                           Time % Phy DF OF 
 1 Matt Niskanen            Matt Donovan                                      60     0   2  3  
 2 Cade Fairchild           Thomas Hickey                                     40     0   2  3  

Penalty Kill 4 Players Forward 
   Center                   Wing                     Time % Phy DF OF 
 1 Anton Lander             Jonathan Tremblay        60     1   2  2  
 2 Maxime Macenauer         Eric Tangradi            40     1   2  2  

Penalty Kill 4 Players Defense
   Defense                  Defense                  Time % Phy DF OF 
 1 Matt Niskanen            Matt Donovan             60     1   2  2  
 2 Thomas Hickey            Cade Fairchild           40     1   2  2  

Penalty Kill - 3 Players Forward 
   Forward                                           Time % Phy DF OF 
 1 Eric Tangradi                                     60     1   2  2  
 2 Jonathan Tremblay                                 40     1   2  2  

Penalty Kill - 3 Players Defense
   Defense                  Defense                  Time % Phy DF OF 
 1 Matt Niskanen            Matt Donovan             60     1   2  2  
 2 Darren Dietz             Thomas Hickey            40     1   2  2  

4 vs 4 Forward 
   Center                   Wing                     Time % Phy DF OF 
 1 Nick Bonino              Eric Tangradi            60     1   2  2  
 2 Anton Lander             Jonathan Tremblay        40     1   2  2  

4 vs 4 Defense
   Defense                  Defense                  Time % Phy DF OF 
 1 Matt Niskanen            Matt Donovan             60     1   2  2  
 2 Ben Hutton               Thomas Hickey            40     1   2  2  

Last Minutes Offensive
   Center                   Left Wing                Right Wing               Defense                  Defense                  
   Nick Bonino              Eric Tangradi            Jonathan Tremblay        Matt Niskanen            Thomas Hickey            

Last Minutes Defensive
   Center                   Left Wing                Right Wing               Defense                  Defense                  
   Anton Lander             Eric Tangradi            Jonathan Tremblay        Matt Niskanen            Matt Donovan             

Goaltenders
Starting : Anders Lindback          
Backup : Calvin Pickard           

Extra Forwards
Normal : Sven Baertschi, Logan Shaw, Joonas Donskoi - PP : Sven Baertschi, Logan Shaw - PK : Joonas Donskoi
Extra Defensemen
Normal : Ben Hutton, Darren Dietz, Dalton Thrower - PP : Ben Hutton - PK : Darren Dietz, Dalton Thrower
Penalty Shots
Eric Tangradi, Jonathan Tremblay, Anton Lander, Maxime Macenauer, Matt Beleskey

Scratches
Reid Boucher (Healthy), Nick Shore (Healthy), Mario Lucia (Healthy), Adam Lowry (Healthy), Benn Ferriero (Healthy)
Derek Dorsett (Healthy), Marek Langhamer (Healthy)

Griffins

5 vs 5 Forward 
   Center                   Left Wing                Right Wing               Time % Phy DF OF 
 1 Jamie Arniel             Tye McGinn               Petr Pohl                40     0   2  3  
 2 Devin Shore              Pontus Aberg             J.T. Brown               25     0   2  3  
 3 Greg Mauldin             Jan Mursak               Ben Hanowski             25     0   2  3  
 4 Vladislav Namestnikov    Lucas Lessio             Mike Duco                10     0   2  3  

5 vs 5 Defense 
   Defense                  Defense                                           Time % Phy DF OF 
 1 Justin Braun             Simon Despres                                     40     1   2  2  
 2 Gord Baldwin             Oscar Klefbom                                     30     1   2  2  
 3 Nathan Oystrick          Petter Granberg                                   20     1   2  2  
 4 Nathan Oystrick          Petter Granberg                                   10     1   2  2  

PowerPlay Forward 
   Center                   Left Wing                Right Wing               Time % Phy DF OF 
 1 Jamie Arniel             Tye McGinn               Petr Pohl                60     0   1  4  
 2 Greg Mauldin             Pontus Aberg             Ben Hanowski             40     0   1  4  

PowerPlay Defense
   Defense                  Defense                                           Time % Phy DF OF 
 1 Simon Despres            Oscar Klefbom                                     60     0   1  4  
 2 Gord Baldwin             Petter Granberg                                   40     0   1  4  

Penalty Kill 4 Players Forward 
   Center                   Wing                     Time % Phy DF OF 
 1 Jamie Arniel             Jan Mursak               60     1   2  2  
 2 J.T. Brown               Mike Duco                40     1   2  2  

Penalty Kill 4 Players Defense
   Defense                  Defense                  Time % Phy DF OF 
 1 Gord Baldwin             Justin Braun             60     1   2  2  
 2 Simon Despres            Nathan Oystrick          40     1   2  2  

Penalty Kill - 3 Players Forward 
   Forward                                           Time % Phy DF OF 
 1 Jamie Arniel                                      60     1   2  2  
 2 Mike Duco                                         40     1   2  2  

Penalty Kill - 3 Players Defense
   Defense                  Defense                  Time % Phy DF OF 
 1 Gord Baldwin             Justin Braun             60     1   2  2  
 2 Simon Despres            Nathan Oystrick          40     1   2  2  

4 vs 4 Forward 
   Center                   Wing                     Time % Phy DF OF 
 1 Jamie Arniel             Petr Pohl                60     1   2  2  
 2 Devin Shore              Tye McGinn               40     1   2  2  

4 vs 4 Defense
   Defense                  Defense                  Time % Phy DF OF 
 1 Nathan Oystrick          Oscar Klefbom            60     1   2  2  
 2 Justin Braun             Simon Despres            40     1   2  2  

Last Minutes Offensive
   Center                   Left Wing                Right Wing               Defense                  Defense                  
   Jamie Arniel             Tye McGinn               Petr Pohl                Oscar Klefbom            Simon Despres            

Last Minutes Defensive
   Center                   Left Wing                Right Wing               Defense                  Defense                  
   Jamie Arniel             Jan Mursak               Mike Duco                Gord Baldwin             Nathan Oystrick          

Goaltenders
Starting : Jason Missiaen           
Backup : Thomas Greiss            

Extra Forwards
Normal : Jamie Arniel, Tye McGinn, Pontus Aberg - PP : Pontus Aberg, Devin Shore - PK : Petr Pohl
Extra Defensemen
Normal : Simon Despres, Oscar Klefbom, Petter Granberg - PP : Justin Braun - PK : Simon Despres, Oscar Klefbom
Penalty Shots
Jan Mursak, Petr Pohl, Jamie Arniel, Tye McGinn, Greg Mauldin

Scratches
Garrett Wilson (Healthy), Tanner Kero (Healthy), Greg McKegg (Healthy), Kyle Lawson (Healthy), Brett Bulmer (Healthy)
Stuart Percy (Healthy), Rich Clune (Healthy), Jerome Gauthier-Leduc (Healthy), Konrad Abeltshauser (Healthy), Tomas Hyka (Healthy)
Brian Hart (Healthy), Casey Wellman (Healthy), Tyler Beskorowany (Healthy)

% Time on Ice - Mulligans

Lines # - Real PCT - Wanted PCT - Time Play
Normal Forward
1 - 36% - 40% - 18:07
2 - 28% - 30% - 14:25
3 - 23% - 20% - 11:41
4 - 13% - 10% - 6:27
Normal Defense
1 - 40% - 40% - 20:01
2 - 30% - 30% - 15:23
3 - 24% - 20% - 12:10
4 - 6% - 10% - 3:06
PP Forward
1 - 49% - 60% - 3:08
2 - 51% - 40% - 3:18
PP Defense
1 - 56% - 60% - 3:35
2 - 44% - 40% - 2:51
PK Forward
1 - 76% - 60% - 1:31
2 - 24% - 40% - 0:28
PK Defense
1 - 55% - 60% - 1:06
2 - 45% - 40% - 0:53
PK3 Forward
1 - 0% - 60%
2 - 0% - 40%
PK3 Defense
1 - 0% - 60%
2 - 0% - 40%
44 Forward
1 - 82% - 60% - 4:06
2 - 18% - 40% - 0:54
44 Defense
1 - 61% - 60% - 3:03
2 - 39% - 40% - 1:57
Last Minute Offensive  - 0:55
Last Minute Defensive  - 0:00
Total
Forward - 65:00
Defense - 65:00

% Time on Ice - Griffins

Lines # - Real PCT - Wanted PCT - Time Play
Normal Forward
1 - 33% - 40% - 16:50
2 - 24% - 25% - 12:03
3 - 27% - 25% - 13:38
4 - 16% - 10% - 8:05
Normal Defense
1 - 40% - 40% - 20:26
2 - 31% - 30% - 15:34
3 - 20% - 20% - 10:19
4 - 8% - 10% - 4:17
PP Forward
1 - 54% - 60% - 1:04
2 - 46% - 40% - 0:55
PP Defense
1 - 70% - 60% - 1:23
2 - 30% - 40% - 0:36
PK Forward
1 - 72% - 60% - 4:38
2 - 28% - 40% - 1:48
PK Defense
1 - 67% - 60% - 4:19
2 - 33% - 40% - 2:07
PK3 Forward
1 - 0% - 60%
2 - 0% - 40%
PK3 Defense
1 - 0% - 60%
2 - 0% - 40%
44 Forward
1 - 91% - 60% - 4:33
2 - 9% - 40% - 0:27
44 Defense
1 - 70% - 60% - 3:30
2 - 30% - 40% - 1:30
Last Minute Offensive  - 0:00
Last Minute Defensive  - 0:59
Total
Forward - 65:00
Defense - 65:00

Play by Play

1st period


0:01 of 1st period - Nick Bonino wins face-off versus Jamie Arniel in neutral zone.
0:56 of 1st period - Wrist shot by Jan Mursak.
0:56 of 1st period - Shot Blocked by Thomas Hickey.
1:20 of 1st period - Snap shot by Lucas Lessio.
1:20 of 1st period - Deflect By Mike Duco.
1:20 of 1st period - Stopped by Anders Lindback with a rebound.
3:04 of 1st period - Nick Bonino is hit by Oscar Klefbom and loses puck.
3:19 of 1st period - Petr Pohl is hit by Logan Shaw and loses puck.
3:40 of 1st period - Snap shot by Lucas Lessio.
3:40 of 1st period - Shot Blocked by Joonas Donskoi.
3:42 of 1st period - Snap shot by Mike Duco.
3:42 of 1st period - Goal by Mike Duco - Mulligans : 0 - Griffins : 1.
3:43 of 1st period - Jamie Arniel wins face-off versus Nick Bonino in neutral zone.
3:56 of 1st period - Slapshot by Eric Tangradi.
3:56 of 1st period - Deflect By Jonathan Tremblay.
3:56 of 1st period - Shot Blocked by Tye McGinn.
3:56 of 1st period - Puck is out of play.
3:57 of 1st period - Devin Shore wins face-off versus Anton Lander in Griffins zone.
4:22 of 1st period - Oscar Klefbom is hit by Jonathan Tremblay and loses puck.
4:31 of 1st period - Slapshot by Eric Tangradi.
4:31 of 1st period - Stopped by Jason Missiaen with a rebound.
4:37 of 1st period - Cade Fairchild is hit by Tye McGinn and loses puck.
4:48 of 1st period - Nathan Oystrick is hit by Cade Fairchild and loses puck.
5:08 of 1st period - Darren Dietz is hit by Pontus Aberg and loses puck.
5:29 of 1st period - Snap shot by Joonas Donskoi.
5:29 of 1st period - Stopped by Jason Missiaen with a rebound.
5:47 of 1st period - Snap shot by Eric Tangradi.
5:47 of 1st period - Shot Misses the Net.
6:22 of 1st period - Slapshot by Oscar Klefbom.
6:22 of 1st period - Stopped by Anders Lindback with a rebound.
6:54 of 1st period - Petr Pohl is hit by Sven Baertschi and loses puck.
7:09 of 1st period - Nick Bonino is hit by Justin Braun and loses puck.
7:49 of 1st period - Joonas Donskoi is hit by Mike Duco and loses puck.
8:13 of 1st period - Wrist shot by Petr Pohl.
8:13 of 1st period - Shot Misses the Net.
9:28 of 1st period - Sven Baertschi is hit by Devin Shore and loses puck.
9:55 of 1st period - Matt Niskanen is hit by Petter Granberg and loses puck.
10:24 of 1st period - Snap shot by Lucas Lessio.
10:24 of 1st period - Shot Blocked by Matt Niskanen.
10:26 of 1st period - Slapshot by Simon Despres.
10:26 of 1st period - Stopped by Anders Lindback without a rebound.
10:27 of 1st period - Drayson Bowman wins face-off versus Vladislav Namestnikov in Mulligans zone.
10:42 of 1st period - Snap shot by Lucas Lessio.
10:42 of 1st period - Stopped by Anders Lindback without a rebound.
10:43 of 1st period - Jamie Arniel wins face-off versus Nick Bonino in Mulligans zone.
10:56 of 1st period - Snap shot by Petr Pohl.
10:56 of 1st period - Stopped by Anders Lindback with a rebound.
11:08 of 1st period - Justin Braun is hit by Logan Shaw and loses puck.
11:54 of 1st period - Slapshot by Nathan Oystrick.
11:54 of 1st period - Shot Misses the Net.
12:12 of 1st period - Darren Dietz is hit by Simon Despres and loses puck.
12:26 of 1st period - Icing by Anton Lander.
12:27 of 1st period - Greg Mauldin wins face-off versus Anton Lander in Mulligans zone.
12:41 of 1st period - Minor Penalty to Darren Dietz for Hooking.
12:42 of 1st period - Anton Lander wins face-off versus Jamie Arniel in Mulligans zone.
13:00 of 1st period - Jonathan Tremblay is hit by Petr Pohl and loses puck.
13:39 of 1st period - Icing by Tye McGinn.
13:40 of 1st period - Jamie Arniel wins face-off versus Joonas Donskoi in Griffins zone.
14:41 of 1st period - Penalty to Darren Dietz is over, Darren Dietz is back on ice.
15:07 of 1st period - Maxime Macenauer is hit by Mike Duco.
15:14 of 1st period - Icing by Vladislav Namestnikov.
15:15 of 1st period - Devin Shore wins face-off versus Nick Bonino in Griffins zone.
15:22 of 1st period - Snap shot by Eric Tangradi.
15:22 of 1st period - Shot Blocked by J.T. Brown.
15:31 of 1st period - Off-side.
15:32 of 1st period - Anton Lander wins face-off versus Jamie Arniel in neutral zone.
17:25 of 1st period - Wrist shot by Ben Hanowski.
17:25 of 1st period - Shot Blocked by Thomas Hickey.
18:32 of 1st period - Snap shot by Anton Lander.
18:32 of 1st period - Shot Misses the Net.
18:34 of 1st period - Slapshot by Darren Dietz.
18:34 of 1st period - Shot Blocked by Ben Hanowski.
18:36 of 1st period - Wrist shot by Maxime Macenauer.
18:36 of 1st period - Shot Misses the Net.
18:38 of 1st period - Wrist shot by Ben Hutton.
18:38 of 1st period - Deflect By Greg Mauldin.
18:38 of 1st period - Stopped by Jason Missiaen without a rebound.
18:39 of 1st period - Sven Baertschi wins face-off versus Jamie Arniel in Griffins zone.
18:42 of 1st period - Wrist shot by Maxime Macenauer.
18:42 of 1st period - Shot Misses the Net.
19:42 of 1st period - Wrist shot by Petr Pohl.
19:42 of 1st period - Stopped by Anders Lindback with a rebound.
19:44 of 1st period - Snap shot by Tye McGinn.
19:44 of 1st period - Shot Misses the Net.
19:46 of 1st period - Slapshot by Gord Baldwin.
19:46 of 1st period - Stopped by Anders Lindback with a rebound.
19:48 of 1st period - Slapshot by Oscar Klefbom.
19:48 of 1st period - Shot Misses the Net.
19:50 of 1st period - Slapshot by Jamie Arniel.
19:50 of 1st period - Shot Blocked by Cade Fairchild.
Goals for this period are 0 for Mulligans vs 1 for Griffins.
Shots for this period are 3 for Mulligans vs 8 for Griffins.

2nd period


0:01 of 2nd period - Nick Bonino wins face-off versus Jamie Arniel in neutral zone.
0:09 of 2nd period - Minor Penalty to Justin Braun for Hooking.
0:10 of 2nd period - Jamie Arniel wins face-off versus Nick Bonino in Griffins zone.
0:20 of 2nd period - Jamie Arniel is hit by Eric Tangradi and loses puck.
2:09 of 2nd period - Penalty to Justin Braun is over, Justin Braun is back on ice.
2:16 of 2nd period - Nick Bonino is hit by J.T. Brown and loses puck.
2:38 of 2nd period - Sven Baertschi is hit by Tye McGinn and loses puck.
2:53 of 2nd period - Logan Shaw is hit by Greg Mauldin and loses puck.
4:46 of 2nd period - Gord Baldwin is hit by Sven Baertschi and loses puck.
4:59 of 2nd period - Snap shot by Greg Mauldin.
4:59 of 2nd period - Stopped by Anders Lindback with a rebound.
5:35 of 2nd period - Drayson Bowman is hit by Mike Duco and loses puck.
6:16 of 2nd period - Joonas Donskoi is hit by J.T. Brown and loses puck.
6:30 of 2nd period - Icing by Thomas Hickey.
6:31 of 2nd period - Jamie Arniel wins face-off versus Christoph Bertschy in Mulligans zone.
6:36 of 2nd period - Snap shot by Ben Hanowski.
6:36 of 2nd period - Shot Blocked by Christoph Bertschy.
6:38 of 2nd period - Snap shot by Jan Mursak.
6:38 of 2nd period - Stopped by Anders Lindback with a rebound.
6:40 of 2nd period - Wrist shot by Jan Mursak.
6:40 of 2nd period - Shot Blocked by Christoph Bertschy.
6:42 of 2nd period - Slapshot by Gord Baldwin.
6:42 of 2nd period - Stopped by Anders Lindback with a rebound.
7:17 of 2nd period - Off-side.
7:18 of 2nd period - Nick Bonino wins face-off versus Devin Shore in neutral zone.
7:23 of 2nd period - Slapshot by Eric Tangradi.
7:23 of 2nd period - Shot Misses the Net.
7:29 of 2nd period - Wrist shot by Nick Bonino.
7:29 of 2nd period - Shot Misses the Net.
7:31 of 2nd period - Slapshot by Matt Niskanen.
7:31 of 2nd period - Deflect By Eric Tangradi.
7:31 of 2nd period - Shot Misses the Net.
7:31 of 2nd period - Puck is out of play.
7:32 of 2nd period - Jonathan Tremblay wins face-off versus Jamie Arniel in Griffins zone.
7:33 of 2nd period - Snap shot by Nick Bonino.
7:33 of 2nd period - Goal by Nick Bonino - Mulligans : 1 - Griffins : 1.
7:34 of 2nd period - Jamie Arniel wins face-off versus Nick Bonino in neutral zone.
7:37 of 2nd period - Snap shot by Jamie Arniel.
7:37 of 2nd period - Stopped by Anders Lindback without a rebound.
7:38 of 2nd period - Nick Bonino wins face-off versus Jamie Arniel in Mulligans zone.
7:47 of 2nd period - Snap shot by Eric Tangradi.
7:47 of 2nd period - Shot Blocked by Simon Despres.
7:49 of 2nd period - Wrist shot by Nick Bonino.
7:49 of 2nd period - Stopped by Jason Missiaen with a rebound.
7:51 of 2nd period - Slapshot by Matt Niskanen.
7:51 of 2nd period - Stopped by Jason Missiaen with a rebound.
7:53 of 2nd period - Snap shot by Nick Bonino.
7:53 of 2nd period - Deflect By Simon Despres.
7:53 of 2nd period - Shot Blocked by Justin Braun.
7:53 of 2nd period - Puck is out of play.
7:54 of 2nd period - Greg Mauldin wins face-off versus Anton Lander in Griffins zone.
7:54 of 2nd period - Greg Mauldin is hit by Logan Shaw.
8:02 of 2nd period - Snap shot by Jan Mursak.
8:02 of 2nd period - Shot Blocked by Matt Niskanen.
8:04 of 2nd period - Snap shot by Greg Mauldin.
8:04 of 2nd period - Goal by Greg Mauldin - Mulligans : 1 - Griffins : 2.
8:05 of 2nd period - Jamie Arniel wins face-off versus Nick Bonino in neutral zone.
8:30 of 2nd period - Justin Braun is hit by Anton Lander and loses puck.
8:58 of 2nd period - Slapshot by Thomas Hickey.
8:58 of 2nd period - Shot Misses the Net.
9:55 of 2nd period - Snap shot by Jan Mursak.
9:55 of 2nd period - Shot Misses the Net.
10:34 of 2nd period - Icing by Jamie Arniel.
10:35 of 2nd period - Nick Bonino wins face-off versus Jamie Arniel in Griffins zone.
10:42 of 2nd period - Wrist shot by Nick Bonino.
10:42 of 2nd period - Stopped by Jason Missiaen with a rebound.
10:44 of 2nd period - Snap shot by Nick Bonino.
10:44 of 2nd period - Shot Misses the Net.
10:46 of 2nd period - Wrist shot by Jonathan Tremblay.
10:46 of 2nd period - Shot Blocked by Oscar Klefbom.
10:48 of 2nd period - Slapshot by Matt Donovan.
10:48 of 2nd period - Deflect By Tye McGinn.
10:48 of 2nd period - Stopped by Jason Missiaen with a rebound.
10:50 of 2nd period - Wrist shot by Eric Tangradi.
10:50 of 2nd period - Shot Misses the Net.
11:04 of 2nd period - Anton Lander is hit by Jan Mursak and loses puck.
11:21 of 2nd period - Wrist shot by J.T. Brown.
11:21 of 2nd period - Shot Misses the Net.
11:23 of 2nd period - Slapshot by Gord Baldwin.
11:23 of 2nd period - Deflect By Devin Shore.
11:23 of 2nd period - Shot Misses the Net.
11:23 of 2nd period - Puck is out of play.
11:24 of 2nd period - Nick Bonino wins face-off versus Devin Shore in Mulligans zone.
11:39 of 2nd period - Wrist shot by Jonathan Tremblay.
11:39 of 2nd period - Stopped by Jason Missiaen without a rebound.
11:40 of 2nd period - Jamie Arniel wins face-off versus Anton Lander in Griffins zone.
12:13 of 2nd period - Snap shot by Greg Mauldin.
12:13 of 2nd period - Stopped by Anders Lindback with a rebound.
12:27 of 2nd period - Snap shot by Maxime Macenauer.
12:27 of 2nd period - Goal by Maxime Macenauer - Mulligans : 2 - Griffins : 2.
12:28 of 2nd period - Nick Bonino wins face-off versus Jamie Arniel in neutral zone.
12:35 of 2nd period - Icing by Petr Pohl.
12:36 of 2nd period - Tye McGinn wins face-off versus Jonathan Tremblay in Griffins zone.
12:49 of 2nd period - Jamie Arniel is hit by Eric Tangradi and loses puck.
13:15 of 2nd period - Minor Penalty to Justin Braun for Tripping.
13:16 of 2nd period - Anton Lander wins face-off versus Jamie Arniel in Griffins zone.
13:16 of 2nd period - Slapshot by Matt Donovan.
13:16 of 2nd period - Deflect By Matt Beleskey.
13:16 of 2nd period - Shot Blocked by Jan Mursak.
13:16 of 2nd period - Puck is out of play.
13:17 of 2nd period - Matt Beleskey wins face-off versus Jamie Arniel in Griffins zone.
13:32 of 2nd period - Snap shot by Anton Lander.
13:32 of 2nd period - Stopped by Jason Missiaen without a rebound.
13:33 of 2nd period - Nick Bonino wins face-off versus Jamie Arniel in Griffins zone.
13:36 of 2nd period - Snap shot by Eric Tangradi.
13:36 of 2nd period - Deflect By Nick Bonino.
13:36 of 2nd period - Goal by Nick Bonino - Mulligans : 3 - Griffins : 2.
13:37 of 2nd period - Nick Bonino wins face-off versus Jamie Arniel in neutral zone.
13:43 of 2nd period - Icing by Simon Despres.
13:44 of 2nd period - Jamie Arniel wins face-off versus Nick Bonino in Griffins zone.
14:19 of 2nd period - Snap shot by Matt Beleskey.
14:19 of 2nd period - Deflect By Logan Shaw.
14:19 of 2nd period - Stopped by Jason Missiaen without a rebound.
14:20 of 2nd period - Jamie Arniel wins face-off versus Anton Lander in Griffins zone.
14:35 of 2nd period - Wrist shot by Anton Lander.
14:35 of 2nd period - Stopped by Jason Missiaen with a rebound.
14:45 of 2nd period - Jonathan Tremblay is hit by J.T. Brown and loses puck.
15:13 of 2nd period - Wrist shot by Maxime Macenauer.
15:13 of 2nd period - Shot Misses the Net.
15:25 of 2nd period - Snap shot by Lucas Lessio.
15:25 of 2nd period - Stopped by Anders Lindback without a rebound.
15:26 of 2nd period - Anton Lander wins face-off versus Vladislav Namestnikov in Mulligans zone.
15:41 of 2nd period - Wrist shot by Lucas Lessio.
15:41 of 2nd period - Stopped by Anders Lindback with a rebound.
15:51 of 2nd period - Ben Hutton is hit by Tye McGinn and loses puck.
16:16 of 2nd period - Matt Donovan is hit by Devin Shore and loses puck.
17:21 of 2nd period - Cade Fairchild is hit by Lucas Lessio and loses puck.
17:36 of 2nd period - Slapshot by Thomas Hickey.
17:36 of 2nd period - Shot Blocked by Pontus Aberg.
17:38 of 2nd period - Slapshot by Thomas Hickey.
17:38 of 2nd period - Stopped by Jason Missiaen without a rebound.
17:39 of 2nd period - Jamie Arniel wins face-off versus Anton Lander in Griffins zone.
17:39 of 2nd period - Jamie Arniel is hit by Ben Hutton.
18:05 of 2nd period - Slapshot by Oscar Klefbom.
18:05 of 2nd period - Stopped by Anders Lindback with a rebound.
18:14 of 2nd period - Ben Hutton is hit by Greg Mauldin and loses puck.
19:07 of 2nd period - Off-side.
19:08 of 2nd period - Jamie Arniel wins face-off versus Nick Bonino in neutral zone.
19:27 of 2nd period - Petr Pohl is hit by Eric Tangradi and loses puck.
19:34 of 2nd period - Snap shot by Eric Tangradi.
19:34 of 2nd period - Stopped by Jason Missiaen without a rebound.
19:35 of 2nd period - Anton Lander wins face-off versus Pontus Aberg in Griffins zone.
19:36 of 2nd period - Wrist shot by Matt Beleskey.
19:36 of 2nd period - Shot Blocked by J.T. Brown.
19:56 of 2nd period - Minor Penalty to J.T. Brown for Slashing.
19:57 of 2nd period - Jamie Arniel wins face-off versus Nick Bonino in Griffins zone.
Goals for this period are 3 for Mulligans vs 1 for Griffins.
Shots for this period are 13 for Mulligans vs 9 for Griffins.

3rd period


0:01 of 3rd period - Nick Bonino wins face-off versus Jamie Arniel in neutral zone.
0:18 of 3rd period - Gord Baldwin is hit by Matt Niskanen.
1:18 of 3rd period - Snap shot by Petr Pohl.
1:18 of 3rd period - Shot Misses the Net.
1:44 of 3rd period - Matt Donovan is hit by Simon Despres and loses puck.
1:56 of 3rd period - Penalty to J.T. Brown is over, J.T. Brown is back on ice.
2:11 of 3rd period - Slapshot by Petter Granberg.
2:11 of 3rd period - Deflect By Ben Hanowski.
2:11 of 3rd period - Stopped by Anders Lindback without a rebound.
2:12 of 3rd period - Sven Baertschi wins face-off versus Greg Mauldin in Mulligans zone.
2:49 of 3rd period - Snap shot by Mike Duco.
2:49 of 3rd period - Goal by Mike Duco - Mulligans : 3 - Griffins : 3.
2:50 of 3rd period - Jamie Arniel wins face-off versus Nick Bonino in neutral zone.
3:04 of 3rd period - Off-side.
3:05 of 3rd period - Anton Lander wins face-off versus Greg Mauldin in neutral zone.
3:17 of 3rd period - Off-side.
3:18 of 3rd period - Nick Bonino wins face-off versus Petr Pohl in neutral zone.
3:32 of 3rd period - Snap shot by Nick Bonino.
3:32 of 3rd period - Deflect By Eric Tangradi.
3:32 of 3rd period - Stopped by Jason Missiaen without a rebound.
3:33 of 3rd period - Devin Shore wins face-off versus Anton Lander in Griffins zone.
3:33 of 3rd period - Devin Shore is hit by Matt Donovan.
4:07 of 3rd period - Snap shot by Eric Tangradi.
4:07 of 3rd period - Shot Misses the Net.
4:21 of 3rd period - Joonas Donskoi is hit by Oscar Klefbom and loses puck.
5:04 of 3rd period - Wrist shot by Nick Bonino.
5:04 of 3rd period - Stopped by Jason Missiaen with a rebound.
5:10 of 3rd period - Pontus Aberg is hit by Jonathan Tremblay and loses puck.
5:28 of 3rd period - Tye McGinn is hit by Sven Baertschi and loses puck.
5:52 of 3rd period - Icing by Petter Granberg.
5:53 of 3rd period - Greg Mauldin wins face-off versus Maxime Macenauer in Griffins zone.
5:53 of 3rd period - Greg Mauldin is hit by Matt Donovan.
6:01 of 3rd period - Slapshot by Petter Granberg.
6:01 of 3rd period - Stopped by Anders Lindback with a rebound.
6:03 of 3rd period - Wrist shot by Tye McGinn.
6:03 of 3rd period - Deflect By Petr Pohl.
6:03 of 3rd period - Stopped by Anders Lindback with a rebound.
6:05 of 3rd period - Wrist shot by Jamie Arniel.
6:05 of 3rd period - Shot Blocked by Matt Niskanen.
6:07 of 3rd period - Wrist shot by Tye McGinn.
6:07 of 3rd period - Stopped by Anders Lindback with a rebound.
6:09 of 3rd period - Snap shot by Petr Pohl.
6:09 of 3rd period - Shot Misses the Net.
6:19 of 3rd period - Devin Shore is hit by Eric Tangradi and loses puck.
6:50 of 3rd period - Snap shot by Matt Beleskey.
6:50 of 3rd period - Stopped by Jason Missiaen with a rebound.
7:28 of 3rd period - Wrist shot by Maxime Macenauer.
7:28 of 3rd period - Shot Misses the Net.
8:22 of 3rd period - Snap shot by Mike Duco.
8:22 of 3rd period - Stopped by Anders Lindback with a rebound.
8:24 of 3rd period - Snap shot by Mike Duco.
8:24 of 3rd period - Shot Blocked by Matt Beleskey.
8:26 of 3rd period - Slapshot by Justin Braun.
8:26 of 3rd period - Stopped by Anders Lindback with a rebound.
8:28 of 3rd period - Backhand shot by Mike Duco.
8:28 of 3rd period - Shot Misses the Net.
8:30 of 3rd period - Slapshot by Justin Braun.
8:30 of 3rd period - Stopped by Anders Lindback with a rebound.
9:29 of 3rd period - Lucas Lessio is hit by Jonathan Tremblay and loses puck.
9:36 of 3rd period - Nick Bonino is hit by Mike Duco and loses puck.
9:54 of 3rd period - Slapshot by Darren Dietz.
9:54 of 3rd period - Stopped by Jason Missiaen with a rebound.
9:56 of 3rd period - Slapshot by Darren Dietz.
9:56 of 3rd period - Deflect By Eric Tangradi.
9:56 of 3rd period - Shot Misses the Net.
9:56 of 3rd period - Puck is out of play.
9:57 of 3rd period - Jamie Arniel wins face-off versus Anton Lander in Griffins zone.
10:30 of 3rd period - Drayson Bowman is hit by J.T. Brown and loses puck.
11:13 of 3rd period - Minor Penalty to Mike Duco for Roughing.
11:14 of 3rd period - Nick Bonino wins face-off versus Jamie Arniel in Griffins zone.
12:50 of 3rd period - Icing by Joonas Donskoi.
12:51 of 3rd period - Anton Lander wins face-off versus Jamie Arniel in Mulligans zone.
13:11 of 3rd period - Icing by Cade Fairchild.
13:12 of 3rd period - Jamie Arniel wins face-off versus Anton Lander in Mulligans zone.
13:13 of 3rd period - Penalty to Mike Duco is over, Mike Duco is back on ice.
13:15 of 3rd period - Wrist shot by Mike Duco.
13:15 of 3rd period - Deflect By Jan Mursak.
13:15 of 3rd period - Shot Blocked by Cade Fairchild.
13:15 of 3rd period - Puck is out of play.
13:16 of 3rd period - Nick Bonino wins face-off versus Devin Shore in Mulligans zone.
13:16 of 3rd period - Nick Bonino is hit by Devin Shore.
13:24 of 3rd period - Slapshot by Matt Niskanen.
13:24 of 3rd period - Stopped by Jason Missiaen with a rebound.
13:26 of 3rd period - Slapshot by Nick Bonino.
13:26 of 3rd period - Stopped by Jason Missiaen with a rebound.
13:28 of 3rd period - Snap shot by Nick Bonino.
13:28 of 3rd period - Stopped by Jason Missiaen with a rebound.
15:31 of 3rd period - Off-side.
15:32 of 3rd period - Greg Mauldin wins face-off versus Nick Bonino in neutral zone.
15:37 of 3rd period - Snap shot by Jan Mursak.
15:37 of 3rd period - Stopped by Anders Lindback with a rebound.
15:39 of 3rd period - Snap shot by Nathan Oystrick.
15:39 of 3rd period - Shot Blocked by Cade Fairchild.
15:41 of 3rd period - Slapshot by Jan Mursak.
15:41 of 3rd period - Goal by Jan Mursak - Mulligans : 3 - Griffins : 4.
15:42 of 3rd period - Nick Bonino wins face-off versus Greg Mauldin in neutral zone.
15:45 of 3rd period - Snap shot by Matt Donovan.
15:45 of 3rd period - Stopped by Jason Missiaen without a rebound.
15:46 of 3rd period - Greg Mauldin wins face-off versus Nick Bonino in Griffins zone.
15:46 of 3rd period - Greg Mauldin is hit by Nick Bonino.
15:49 of 3rd period - Icing by Justin Braun.
15:50 of 3rd period - Greg Mauldin wins face-off versus Nick Bonino in Griffins zone.
15:50 of 3rd period - Greg Mauldin is hit by Eric Tangradi.
16:05 of 3rd period - Matt Donovan is hit by Simon Despres and loses puck.
16:16 of 3rd period - Slapshot by Jan Mursak.
16:16 of 3rd period - Stopped by Anders Lindback with a rebound.
16:18 of 3rd period - Slapshot by Justin Braun.
16:18 of 3rd period - Deflect By Jan Mursak.
16:18 of 3rd period - Stopped by Anders Lindback with a rebound.
16:20 of 3rd period - Slapshot by Simon Despres.
16:20 of 3rd period - Stopped by Anders Lindback with a rebound.
16:37 of 3rd period - Minor Penalty to Jan Mursak for Hooking.
16:38 of 3rd period - Anton Lander wins face-off versus Jamie Arniel in Griffins zone.
16:41 of 3rd period - Wrist shot by Anton Lander.
16:41 of 3rd period - Stopped by Jason Missiaen with a rebound.
16:45 of 3rd period - Slapshot by Anton Lander.
16:45 of 3rd period - Goal by Anton Lander - Mulligans : 4 - Griffins : 4.
16:46 of 3rd period - Joonas Donskoi wins face-off versus Greg Mauldin in neutral zone.
16:49 of 3rd period - Justin Braun is hit by Drayson Bowman and loses puck.
17:12 of 3rd period - Nick Bonino is hit by Simon Despres.
17:34 of 3rd period - Wrist shot by J.T. Brown.
17:34 of 3rd period - Goal by J.T. Brown - Mulligans : 4 - Griffins : 5.
17:35 of 3rd period - Greg Mauldin wins face-off versus Maxime Macenauer in neutral zone.
18:09 of 3rd period - Nick Bonino is hit by Gord Baldwin and loses puck.
18:24 of 3rd period - Simon Despres is hit by Logan Shaw and loses puck.
18:31 of 3rd period - Slapshot by Nathan Oystrick.
18:31 of 3rd period - Shot Misses the Net.
18:43 of 3rd period - Logan Shaw is hit by Nathan Oystrick and loses puck.
18:56 of 3rd period - Slapshot by Petter Granberg.
18:56 of 3rd period - Shot Blocked by Thomas Hickey.
19:04 of 3rd period - Mulligans, Anders Lindback is pulled from the net.
19:18 of 3rd period - Wrist shot by Nick Bonino.
19:18 of 3rd period - Stopped by Jason Missiaen with a rebound.
19:20 of 3rd period - Snap shot by Cade Fairchild.
19:20 of 3rd period - Shot Blocked by Nathan Oystrick.
19:22 of 3rd period - Wrist shot by Eric Tangradi.
19:22 of 3rd period - Stopped by Jason Missiaen with a rebound.
19:24 of 3rd period - Snap shot by Jonathan Tremblay.
19:24 of 3rd period - Shot Misses the Net.
19:26 of 3rd period - Slapshot by Cade Fairchild.
19:26 of 3rd period - Stopped by Jason Missiaen without a rebound.
19:27 of 3rd period - Andy Murray call a timeout for Mulligans.
19:27 of 3rd period - Jamie Arniel wins face-off versus Nick Bonino in Griffins zone.
19:44 of 3rd period - Wrist shot by Eric Tangradi.
19:44 of 3rd period - Stopped by Jason Missiaen with a rebound.
19:46 of 3rd period - Slapshot by Thomas Hickey.
19:46 of 3rd period - Goal by Thomas Hickey - Mulligans : 5 - Griffins : 5.
19:46 of 3rd period - Anders Lindback from Mulligans was sent back in the game.
19:47 of 3rd period - Greg Mauldin wins face-off versus Maxime Macenauer in neutral zone.
19:52 of 3rd period - Wrist shot by Greg Mauldin.
19:52 of 3rd period - Shot Misses the Net.
Goals for this period are 2 for Mulligans vs 3 for Griffins.
Shots for this period are 15 for Mulligans vs 14 for Griffins.

Overtime #1


0:01 of 1st overtime period - Jamie Arniel wins face-off versus Nick Bonino in neutral zone.
0:50 of 1st overtime period - Slapshot by Justin Braun.
0:50 of 1st overtime period - Deflect By Ben Hutton.
0:50 of 1st overtime period - Stopped by Anders Lindback with a rebound.
1:20 of 1st overtime period - Slapshot by Thomas Hickey.
1:20 of 1st overtime period - Stopped by Jason Missiaen with a rebound.
1:22 of 1st overtime period - Snap shot by Sven Baertschi.
1:22 of 1st overtime period - Shot Blocked by Justin Braun.
1:24 of 1st overtime period - Snap shot by Thomas Hickey.
1:24 of 1st overtime period - Shot Misses the Net.
4:44 of 1st overtime period - Petr Pohl is hit by Joonas Donskoi and loses puck.
Goals for this period are 0 for Mulligans vs 0 for Griffins.
Shots for this period are 1 for Mulligans vs 1 for Griffins.

ShootOut


5:00 of 1st overtime period - Penalty Shot by Eric Tangradi for Mulligans.
5:00 of 1st overtime period - Wrist shot by Eric Tangradi.
5:00 of 1st overtime period - Stopped by Jason Missiaen.
5:00 of 1st overtime period - Penalty Shot by Jan Mursak for Griffins.
5:00 of 1st overtime period - Snap shot by Jan Mursak.
5:00 of 1st overtime period - Stopped by Anders Lindback.
5:00 of 1st overtime period - Penalty Shot by Jonathan Tremblay for Mulligans.
5:00 of 1st overtime period - Deke by Jonathan Tremblay.
5:00 of 1st overtime period - Goal by Jonathan Tremblay.
5:00 of 1st overtime period - Penalty Shot by Petr Pohl for Griffins.
5:00 of 1st overtime period - Deke by Petr Pohl.
5:00 of 1st overtime period - Goal by Petr Pohl.
5:00 of 1st overtime period - Penalty Shot by Anton Lander for Mulligans.
5:00 of 1st overtime period - Deke by Anton Lander.
5:00 of 1st overtime period - Stopped by Jason Missiaen.
5:00 of 1st overtime period - Penalty Shot by Jamie Arniel for Griffins.
5:00 of 1st overtime period - Wrist shot by Jamie Arniel.
5:00 of 1st overtime period - Shot Misses the Net.
5:00 of 1st overtime period - Penalty Shot by Maxime Macenauer for Mulligans.
5:00 of 1st overtime period - Deke by Maxime Macenauer.
5:00 of 1st overtime period - Goal by Maxime Macenauer.
5:00 of 1st overtime period - Penalty Shot by Tye McGinn for Griffins.
5:00 of 1st overtime period - Deke by Tye McGinn.
5:00 of 1st overtime period - Stopped by Anders Lindback.